 Dungeon Crawl Stone Soup version 0.17-a0-1416-gdf36fac (webtiles) character file.

130 Geeful the Insei (level 5, -1/33 HPs)
             Began as an Octopode Transmuter on June 23, 2015.
             Slain by an orc
             ... wielding a +0 hand axe
              (5 damage)
             ... on level 3 of the Dungeon.
             The game lasted 00:06:04 (2735 turns).

Geeful the Insei (Octopode Transmuter)              Turns: 2735, Time: 00:06:05

Health: -1/33      AC:  1    Str:  9    XL:     5   Next: 13%
Magic:  7/8        EV: 12    Int: 16    God:
Gold:   141        SH:  0    Dex: 13    Spells: 2 memorised, 5 levels left

rFire  . . .     SeeInvis .       - Unarmed
rCold  . . .     Clarity  .     (no shield)
rNeg   . . .     SustAt   .     (helmet restricted)
rPois  .         Gourm    .     (no amulet)
rElec  .         Spirit   .     (no ring)
rCorr  .         Warding  .     (no ring)
rMut   .         Stasis   .     (no ring)
MR     .....                    (no ring)
Stlth  ++........               (no ring)
                                (no ring)
                                (no ring)
                                (no ring)

@: appendage, not resistant to hostile enchantments, unstealthy
A: almost no armour, amphibious, 8 rings, constrict 8, tentacle spike 3,
camouflage 1, gelatinous body 1
a: End Transformation


You were on level 3 of the Dungeon.
You were not hungry.
One of your tentacles had a temporary spike.
You visited 1 branch of the dungeon, and saw 3 of its levels.

You collected 141 gold pieces.

Inventory:

Missiles
 a - 40 arrows
Scrolls
 d - a scroll of noise {unknown}
 e - 2 scrolls of identify {unknown}
 f - a scroll of blinking {unknown}
 i - a scroll of teleportation {unknown}
 j - a scroll of fear {unknown}
 k - a scroll of fog {unknown}
 l - 6 scrolls of remove curse {unknown}
 n - a scroll of enchant armour {unknown}
Potions
 g - a potion of agility
Books
 b - a book of Changes

   Spells                             Type                      Level
   a - Beastly Appendage              Transmutation                1
   b - Sticks to Snakes               Transmutation                2
   c - Spider Form                    Transmutation/Poison         3
   d - Ice Form                       Ice/Transmutation            4
   e - Blade Hands                    Transmutation                5
 o - a book of Unlife

   Spells                             Type                      Level
   a - Recall                         Summoning/Translocation      3
   b - Animate Dead                   Necromancy                   4
   c - Control Undead                 Necromancy                   4
   d - Cigotuvi's Embrace             Necromancy                   5
   e - Death Channel                  Necromancy                   6
   f - Simulacrum                     Ice/Necromancy               6
Comestibles
 c - 2 bread rations
 h - a slice of pizza
 m - 7 chunks of flesh


   Skills:
 - Level 1.0 Fighting
 - Level 2.0 Dodging
 + Level 5.6 Unarmed Combat
 - Level 2.0 Spellcasting
 - Level 2.0 Transmutations


You had 5 spell levels left.
You knew the following spells:

 Your Spells              Type           Power        Failure   Level  Hunger
a - Beastly Appendage     Trmt           #.....       10%         1    #......
b - Sticks to Snakes      Trmt           #.........   14%         2    ###....


Dungeon Overview and Level Annotations

Branches:
Dungeon (3/15)

Altars:


Innate Abilities, Weirdness & Mutations

You cannot wear most types of armour.
You are amphibious.
You can wear up to eight rings at the same time.
You can use your tentacles to constrict eight enemies at once.
Your skin changes colour to match your surroundings (Stealth).
Your rubbery body absorbs attacks (AC +1).
One of your tentacles bears a large vicious spike.


Message History

You pierce the orc, but do no damage.
You constrict the orc.
You tentacle-slap the orc but do no damage.
You squeeze the orc, but do no damage.
The orc is moderately wounded.
You constrict the orc, but do no damage.
The orc hits you with a hand axe!
You are too injured to fight recklessly!
You are too injured to fight recklessly!
You are too injured to fight recklessly!
You tentacle-slap the orc but do no damage.
You pierce the orc, but do no damage.
The orc is moderately wounded.
You constrict the orc, but do no damage.
The orc hits you with a hand axe.
* * * LOW HITPOINT WARNING * * *
You tentacle-slap the orc.
You pierce the orc.
The orc is almost dead.
You constrict the orc, but do no damage.
The orc hits you with a hand axe.
You die...

#...#.## ....
##...#..# ....
#.÷)###.#####....
##..## #...##....#
#####.†.# ###....##.#
#.(...o## #....##.#
#(.(...# #.##..#.#
#....o.# #.###...#
#....@†#####..........
#.............#####...
#......#####.# ##..
#......# #. #..
#......# ##. #......#
#. #......# ##
##.##### # #. ###


You could see 2 orcs.

Vanquished Creatures
  3 adders
  4 gnolls (D:2)
  2 oozes
  2 worms (D:2)
  2 giant geckos (D:1)
  An orc (D:3)
  A hobgoblin (D:1)
  7 jackals
  7 kobolds
  2 ball pythons (D:2)
  5 bats
  2 giant cockroaches (D:1)
  3 giant newts
  5 goblins
  2 quokkas (D:2)
  5 rats
53 creatures vanquished.

Notes
Turn   | Place    | Note
--------------------------------------------------------------
     0 | D:1      | Geeful the Octopode Transmuter began the quest for the Orb.
     0 | D:1      | Reached XP level 1. HP: 13/13 MP: 3/3
   245 | D:1      | Reached XP level 2. HP: 11/18 MP: 3/5
   906 | D:1      | Reached skill level 4 in Unarmed Combat
   919 | D:1      | Reached XP level 3. HP: 17/23 MP: 4/6
  1507 | D:2      | Reached XP level 4. HP: 23/28 MP: 5/7
  1514 | D:2      | Reached skill level 5 in Unarmed Combat
  2530 | D:2      | Learned a level 2 spell: Sticks to Snakes
  2598 | D:3      | Found a faded altar to an unknown god.
  2615 | D:3      | Reached XP level 5. HP: 27/33 MP: 6/8
  2735 | D:3      | Slain by an orc

Vault maps used:
D:1:      lemuel_arrival_river_bridge
D:3:      ecumenical_altar_1, uniq_terence

Action                   |  1- 3 |  4- 6 || total
-------------------------+-------+-------++-------
Melee: Unarmed           |    66 |    57 ||   123
 Cast: Beastly Appendage |    16 |    12 ||    28
  Use: Potion            |     3 |     1 ||     4
 Stab: Sleeping          |    10 |       ||    10
       Distracted        |       |     1 ||     1
  Eat: Chunk             |     2 |     4 ||     6
